 Dungeon Sprint DCSS version 0.21-a0-39-g28ea6b7 (webtiles) character file.

893 Kidiri the Thaumaturge (level 7, -7/44 HPs)
             Began as a Deep Elf Fire Elementalist on June 1, 2017.
             Killed by nerve-wracking pain
             ... invoked by a shadow imp
             ... summoned by an obsidian statue
              (12 damage)
             ... in the Dungeon (Sprint II: "The Violet Keep of Menkaure").
             The game lasted 00:07:56 (870 turns).

Kidiri the Thaumaturge (Deep Elf Fire Elementalist)  Turns: 870, Time: 00:07:57

Health: -7/44      AC:  5    Str:  5      XL:     7   Next: 78%
Magic:  21/24      EV: 16    Int: 21 (22) God:
Gold:   223        SH:  0    Dex: 13      Spells: 12/30 levels left

rFire    . . .     SeeInvis .   j - +1 dagger of Eternal Vigilance {pierce, rPois} (curse)
rCold    . . .     Gourm    .   (no shield)
rNeg     . . .     Faith    .   a - +0 robe
rPois    +         Spirit   .   (no helmet)
rElec    .         Reflect  .   m - +0 cloak
rCorr    .         Harm     .   l - +0 pair of gloves
MR       .....     NoTele   +   k - +0 pair of boots
Stlth    ++........             (no amulet)
Regen    0.0/turn               (no ring)
MPRegen  0.2/turn               (no ring)

@: mesmerised, drained
A: clumsy 1, deformed body, inhibited regeneration
a: no special abilities


You were in the Dungeon.
You were not hungry.

You visited 1 branch You collected 972 gold pieces.
You spent 749 gold pieces at shops.

Inventory:

Hand Weapons
 j - the cursed +1 dagger of Eternal Vigilance (weapon) {pierce, rPois}
   (You bought it in a shop in the Dungeon)

   It inflicts extra damage upon your enemies.
   It protects you from poison.
   It has a curse placed upon it.
Armour
 a - a +0 robe (worn)
 g - the +1 pair of gloves of the Hippo {rF+ Int-3 SInv}
   (You bought it in a shop in the Dungeon)

   It affects your intelligence (-3).
   It protects you from fire.
   It lets you see invisible.
 k - a +0 pair of boots (worn)
 l - a +0 pair of gloves (worn)
 m - a +0 cloak (worn)
Wands
 e - a wand of lightning (11/15)
Scrolls
 i - a scroll of blinking
Potions
 d - a potion of curing
 f - a potion of haste
 h - a potion of berserk rage
Books
 b - a book of Flames

   Spells                             Type                      Level
   a - Flame Tongue                   Conjuration/Fire             1
   b - Throw Flame                    Conjuration/Fire             2
   c - Conjure Flame                  Conjuration/Fire             3
   d - Inner Flame                    Hexes/Fire                   3
   e - Sticky Flame                   Conjuration/Fire             4
   f - Fireball                       Conjuration/Fire             5
Comestibles
 c - a bread ration


   Skills:
 + Level 5.2(4.9) Fighting
 + Level 5.3(5.0) Armour
 + Level 8.1(7.8) Dodging
 - Level 2.4(2.1) Stealth
 * Level 12.0(11.7) Spellcasting
 + Level 7.1(6.7) Conjurations
 + Level 7.8(7.5) Fire Magic


You had 12 spell levels left.
You knew the following spells:

 Your Spells              Type           Power        Failure   Level  Hunger
a - Flame Tongue          Conj/Fire      #####        1%          1    None
b - Throw Flame           Conj/Fire      #####.       1%          2    None
c - Conjure Flame         Conj/Fire      #####...     1%          3    None
d - Inner Flame           Hex/Fire       ####....     3%          3    None
e - Sticky Flame          Conj/Fire      #####...     2%          4    #......
f - Fireball              Conj/Fire      #####.....   8%          5    ####...


Dungeon Overview and Level Annotations

Branches:
Dungeon (1/1)

Altars:
Zin

Shops:
D :!=[}%=!%?=(}[[:

Annotations:
D exclusion: oklob plant


Innate Abilities, Weirdness & Mutations

You are clumsy. (Dex -2)
Armour fits poorly on your strangely shaped body.
You do not regenerate when monsters are visible.


Message History

Casting: Flame Tongue
Confirm with . or Enter, or press ? or * to list all spells.
Aiming: Flame Tongue
Press: ? - help, Shift-Dir - straight line, f - hellwing
Aim: a hellwing (summoned)
The flame tongue hits the hellwing.
The hellwing is lightly wounded.
The hellwing hits you!
* * * LOW HITPOINT WARNING * * *
The hellwing closely misses you.
Casting: Flame Tongue
Confirm with . or Enter, or press ? or * to list all spells.
Aiming: Flame Tongue
Press: ? - help, Shift-Dir - straight line, f/p - hellwing
Aim: a hellwing (lightly wounded, summoned)
The flame tongue hits the hellwing.
The hellwing appears unharmed.
The hellwing is lightly wounded.
The shadow imp gestures at you. Pain shoots through your body!
You die...

.§.§§.§ §§§§§§§ .§§8§§. #
..§.§§. ≈##.§.55§§
######≈≈#+++#''§##
#####≈≈≈......445#
∩.∩.#≈≈≈≈.##+##..#
.∩..#≈≈≈≈##.#.##@####
∩...#≈≈≈≈#..#..#.4..#
....#≈≈#####.#####..##
∩...#≈##.###'# #.##..#
.∩..#≈#...##.###..#..#
∩.∩.+≈+##.'.<.'##.'..#
.∩.∩#≈#.####.##.#.#....#
▓▓###≈##.###'###.##......≈≈
#####≈≈####.#.####≈≈...§.≈#'


You could see an obsidian statue, a hellwing, an ice devil, a rust devil, an
iron imp, a white imp and a shadow imp.

Vanquished Creatures
  2 tyrant leeches (D)
  2 neqoxecs (D)
  Menkaure (D)
  4 worker ants (D)
  A hell rat (D)
  3 worms (D)
13 creatures vanquished.

Vanquished Creatures (others)
  2 neqoxecs (D)
  A crocodile (D)
3 creatures vanquished.

Grand Total: 16 creatures vanquished

Notes
Turn   | Place    | Note
-------+----------+-------------------------------------------
     0 | D        | Kidiri the Deep Elf Fire Elementalist began the quest for the Orb.
     0 | D        | Reached XP level 1. HP: 10/10 MP: 6/6
     1 | D        | Noticed a worker ant
     1 | D        | Noticed a worker ant
    14 | D        | Reached skill level 1 in Armour
    14 | D        | Reached skill level 4 in Spellcasting
    25 | D        | Found Xeawun's Book Shop.
    26 | D        | Found Ufomein's Gadget Boutique.
    26 | D        | Found Zarhiwn's Antique Weapon Shop.
    26 | D        | Found Yffoth's Food Boutique.
    26 | D        | Found Cesahij's Food Boutique.
    26 | D        | Found Buwkey Hoyp's Gadget Shop.
    26 | D        | Found Niaker's Distillery.
    26 | D        | Found Ditwiklae's Jewellery Shop.
    26 | D        | Found Maisoz's Armour Boutique.
    26 | D        | Found Ziwokaf's Antique Armour Shop.
    26 | D        | Found Dimil's Jewellery Boutique.
    34 | D        | Reached skill level 1 in Fighting
    34 | D        | Reached XP level 2. HP: 16/16 MP: 2/9
    40 | D        | Found Icveliag's Antique Armour Boutique.
    40 | D        | Found Lotreime's Magic Scroll Shop.
    40 | D        | Found Uppoj's Jewellery Shop.
    40 | D        | Found Sastob's Distillery.
    40 | D        | Noticed Menkaure
    40 | D        | Noticed a polar bear
    41 | D        | Noticed a hell hog
    58 | D        | Killed Menkaure
    58 | D        | Reached skill level 7 in Spellcasting
    58 | D        | Reached skill level 5 in Fire Magic
    58 | D        | Reached XP level 3. HP: 12/22 MP: 8/13
    58 | D        | Reached XP level 4. HP: 15/27 MP: 9/15
    62 | D        | Learned a level 2 spell: Throw Flame
    66 | D        | Learned a level 3 spell: Conjure Flame
    70 | D        | Learned a level 3 spell: Inner Flame
    71 | D        | Killed a crocodile
    75 | D        | Learned a level 4 spell: Sticky Flame
   202 | D        | Reached skill level 5 in Dodging
   202 | D        | Reached XP level 5. HP: 32/32 MP: 9/17
   204 | D        | Reached skill level 8 in Spellcasting
   296 | D        | Learned a level 5 spell: Fireball
   296 | D        | Noticed a neqoxec
   299 | D        | Noticed a tyrant leech
   299 | D        | Noticed a tyrant leech
   308 | D        | Killed a tyrant leech
   308 | D        | Reached skill level 10 in Spellcasting
   308 | D        | Reached skill level 5 in Conjurations
   308 | D        | Reached XP level 6. HP: 25/38 MP: 5/21
   313 | D        | Noticed an obsidian statue
   321 | D        | Killed a tyrant leech
   321 | D        | Reached skill level 11 in Spellcasting
   321 | D        | Reached XP level 7. HP: 31/44 MP: 3/23
   446 | D        | Gained mutation: Armour fits poorly on your strangely shaped body. [a neqoxec]
   457 | D        | Gained mutation: You do not regenerate when monsters are visible. [a neqoxec]
   458 | D        | Killed a neqoxec
   458 | D        | Reached skill level 5 in Fighting
   458 | D        | Reached skill level 5 in Armour
   475 | D        | Noticed a neqoxec
   480 | D        | Gained mutation: You are clumsy. (Dex -2) [a neqoxec]
   482 | D        | Killed a neqoxec
   482 | D        | Reached skill level 12 in Spellcasting
   508 | D        | Killed a neqoxec
   649 | D        | Killed a neqoxec
   748 | D        | Noticed a polar bear
   749 | D        | Noticed an oklob plant
   750 | D        | Found Uprig's Book Shoppe.
   750 | D        | Noticed a hell hog
   794 | D        | Bought a pair of ancient gloves for 294 gold pieces
   800 | D        | Bought a pitted dagger for 119 gold pieces
   800 | D        | Identified the cursed +1 dagger of Eternal Vigilance {pierce, rPois} (You bought it in a shop in the Dungeon)
   806 | D        | Identified the +1 pair of gloves of the Hippo {rF+ Int-3 SInv} (You bought it in a shop in the Dungeon)
   813 | D        | Bought a pair of boots for 112 gold pieces
   813 | D        | Bought a pair of gloves for 112 gold pieces
   813 | D        | Bought a cloak for 112 gold pieces
   853 | D        | Found a glowing silver altar of Zin.
   862 | D        | Noticed an ice devil
   863 | D        | Noticed a chaos spawn
   864 | D        | Noticed a hellwing
   864 | D        | Noticed a rust devil
   870 | D        | Killed from afar by a shadow imp

Vault maps used:
D:        the_violet_keep_of_menkaure

Skill      XL: |  1  2  3  4  5  6  7 |
---------------+----------------------+-----
Armour         | 1 2 3 4 5 |  5.3
Spellcasting   | 4 7 10 11 12 | 12.0
Fighting       | 1 2 4 5 |  5.2
Dodging        | 4 5 6 7 8 |  8.1
Conjurations   | 3 4 5 6 7 |  7.1
Fire Magic     | 5 6 7 |  7.8
Stealth        | |  2.4

Action                   |  1- 3 |  4- 6 |  7- 9 || total
-------------------------+-------+-------+-------++-------
Melee: Unarmed           |       |       |     1 ||     1
 Cast: Flame Tongue      |    17 |    16 |    11 ||    44
       Conjure Flame     |       |     3 |     1 ||     4
       Sticky Flame      |       |     2 |     4 ||     6
       Inner Flame       |       |       |     1 ||     1
  Use: Potion            |     2 |       |     1 ||     3
Armor: Robe              |       |       |     1 ||     1
Dodge: Dodged            |     5 |     5 |     6 ||    16
